cohdb
Replays
Latest Replays
All Replays
Popular Replays
Top Player Replays
Match Explorer
How It Works
Community
CoH3 Stats
Reddit
Sign in to upload your games and track your stats! →
Sign in with Steam
Match 45658175
Unlisted
Match 45658175
Overview
Messages
Build Orders
End
Engineer Squad
Construct Barracks
Selects Armored Battlegroup
Selects Armored Battlegroup
Selects Veteran Crews
1⁄4-ton 4x4 Truck
Riflemen Squad
M1 Mortar Team
Riflemen Squad
Grenade Package
Construct Medical Station
Riflemen Squad
Air Support Center
Selects Fast Deploy
Construct Motor Pool
P-47 Strafing Run
M24 Chaffee Light Tank
Engineer Squad
Grasshopper Recon Run
Selects M8 Scott SPG
M1 Anti-tank Gun Team
Selects UNKNOWN (2160077)
M8 Scott SPG
Engineer Squad
Riflemen Squad
Grasshopper Recon Run
P-47 Strafing Run
M24 Chaffee Light Tank
Grasshopper Recon Run
M1918 Browning Automatic Rifles
Engineer Squad
P-47 Strafing Run
Grasshopper Recon Run
M24 Chaffee Light Tank
P-47 Strafing Run
Grasshopper Recon Run
M24 Chaffee Light Tank
P-47 Strafing Run
M1 Anti-tank Gun Team
XuZhongwei
3+++
B3LK0x☠
ManNoName
0
0
Comments
sign in to comment!
No comments posted yet!